 Dungeon Crawl Stone Soup version 0.19.0-9-gfd783f2 (webtiles) character file.

712 Inkary the Chopper (level 8, -2/64 HPs)
             Began as a Formicid Fighter on Nov 7, 2016.
             Was a Follower of Okawaru.
             Slain by Menkaure (10 damage)
             ... on level 6 of the Dungeon.
             The game lasted 00:05:08 (3974 turns).

Inkary the Chopper (Formicid Fighter)               Turns: 3974, Time: 00:05:09

Health: -2/64      AC:  8    Str: 26 (29) XL:     8   Next: 0%
Magic:  8/8        EV:  8    Int:  6 (7)  God:    Okawaru [*.....]
Gold:   313        SH:  9    Dex:  8 (10) Spells: 0 memorised, 7 levels left

rFire  + . .     SeeInvis +     F - +0 broad axe
rCold  x . .     Gourm    .     b - +0 scale mail
rNeg   . . .     Faith    .     c - +0 shield
rPois  .         Spirit   .     (helmet unavailable)
rElec  .         Reflect  .     (no cloak)
rCorr  .         Harm     .     (no gloves)
MR     .....                    s - +0 pair of boots
Stlth  ..........               (no amulet)
                                a - ring of loudness
                                p - ring of fire

@: mighty, lethally poisoned (-2 -> -4)
A: permanent stasis, dig shafts and tunnels, four strong arms, antennae 3
a: Dig, Shaft Self, Heroism, Renounce Religion


You were on level 6 of the Dungeon.
You worshipped Okawaru.
Okawaru was aware of your devotion.
You were not hungry.

You visited 2 branches of the dungeon, and saw 8 of its levels.

You collected 313 gold pieces.

Inventory:

Hand Weapons
 F - a +0 broad axe (weapon)
 G - a +3 war axe of electrocution
Missiles
 o - 4 throwing nets (quivered)
Armour
 b - a +0 scale mail (worn)
 c - a +0 shield (worn)
 s - a +0 pair of boots (worn)
Jewellery
 a - a ring of loudness (right hand)
 p - a ring of fire (left hand)
 t - an uncursed ring of positive energy {unknown}
Wands
 C - a wand of confusion (31/48)
Scrolls
 e - a scroll of immolation {unknown}
 g - 10 scrolls of identify {unknown}
 k - 3 scrolls of fear {unknown}
 m - a scroll of noise {unknown}
 r - 6 scrolls of teleportation {unknown}
 v - 3 scrolls of magic mapping {unknown}
 w - a scroll of blinking {unknown}
 y - a scroll of random uselessness {unknown}
 D - a scroll of remove curse
 E - a scroll of fog {unknown}
Potions
 h - 2 potions of flight {unknown}
 i - 4 potions of curing {unknown}
 n - a potion of cancellation {unknown}
 q - a potion of resistance {unknown}
 u - a potion of brilliance {unknown}
 A - a potion of magic {unknown}
Books
 x - a book of Maledictions

   Spells                             Type                      Level
   a - Corona                         Hexes                        1
   b - Ensorcelled Hibernation        Hexes/Ice                    2
   c - Confuse                        Hexes                        3
   d - Tukima's Dance                 Hexes                        3
   e - Dazzling Spray                 Conjuration/Hexes            3
Comestibles
 f - 4 bread rations
 l - a royal jelly
 z - a slice of pizza
 B - 3 meat rations


   Skills:
 - Level 6.0 Fighting
 * Level 6.9 Axes
 + Level 3.4 Armour
 + Level 3.7 Shields


You had 7 spell levels left.
You didn't know any spells.

Dungeon Overview and Level Annotations

Branches:
Dungeon (7/15)             Temple (1/1) D:4

Altars:
Ashenzari
Cheibriados
Dithmenos
Elyvilon
Fedhas
Gozag
Hepliaklqana
Kikubaaqudgha
Makhleb
Nemelex Xobeh
Okawaru
Qazlal
Sif Muna
Trog
Uskayaw
Xom
Zin
The Shining One

Annotations:
D:6 Menkaure; Xiguana's ghost, novice HESk


Innate Abilities, Weirdness & Mutations

You are under a permanent stasis effect.
You can dig through walls and to a lower floor.
Your four strong arms can wield two-handed weapons with a shield.
You have a pair of large antennae on your head. (SInv)


Message History

The hound bites you but does no damage. Menkaure closely misses you.
You block the hound's attack. Menkaure hits you!
* * * LOW HITPOINT WARNING * * *
Unknown command.
You feel very mighty all of a sudden. The hound completely misses you.
You block the hound's attack.
It was a potion of degeneration.
There was something very wrong with that liquid.
You feel weakened.
You feel dopey.
You feel clumsy.
You feel sick. The hound bites you but does no damage.
Menkaure barely misses you.
You barely miss the hound.
Your shield prevents you from hitting Menkaure.
The hound bites you but does no damage. x2; Menkaure closely misses you.
The hound bites you but does no damage.
You slash the hound!
The hound is severely wounded.
You slash Menkaure!
You feel sick. The hound closely misses you. Menkaure hits you!
You die...

########## #........# #........#
#### #........# #... ############
#........# #...
...........#######........####...
#.########.....h@M...............
#.....############........####...
#####...###### #..........####...
#####........# #.######.####....#
.......)..##.###.# #.## #.####
####......##..#..# #..###.# #
#............## ##.##..#
#####.....####...# #.##.##
..........# ###.## #.##.#


You could see Menkaure and a hound.

Vanquished Creatures
  A phantom (D:6)
  2 ogres (D:5)
  A bullfrog (D:6)
  A howler monkey (D:5)
  A jelly (D:5)
  2 orc priests
  2 orc wizards
  2 iguanas (D:4)
  2 worker ants (D:4)
  4 adders
  A shadow imp (D:5)
  A worm (D:5)
  2 dart slugs (D:2)
  9 orcs
  6 giant cockroaches
  5 hobgoblins
  6 jackals (D:4)
  A quokka (D:2)
  3 ball pythons
  3 bats
  3 frilled lizards
  6 goblins
  8 kobolds
  A quokka skeleton (D:4)
  5 rats
78 creatures vanquished.

Notes
Turn   | Place    | Note
-------+----------+-------------------------------------------
     0 | D:1      | Inkary the Formicid Fighter began the quest for the Orb.
     0 | D:1      | Reached XP level 1. HP: 18/18 MP: 1/1
   169 | D:1      | Reached XP level 2. HP: 24/24 MP: 2/2
   797 | D:2      | Reached XP level 3. HP: 24/30 MP: 3/3
  1092 | D:2      | Reached XP level 4. HP: 30/37 MP: 4/4
  1388 | D:3      | Reached XP level 5. HP: 42/42 MP: 5/5
  1570 | D:3      | Found a shimmering altar of Xom.
  1790 | D:4      | Found a staircase to the Ecumenical Temple.
  1814 | Temple   | Entered the Ecumenical Temple
  1860 | Temple   | Became a worshipper of Warmaster Okawaru
  1968 | D:4      | Reached skill level 5 in Axes
  1968 | D:4      | Reached XP level 6. HP: 49/49 MP: 6/6
  2188 | D:4      | Reached skill level 5 in Fighting
  2373 | D:4      | Found a hide-covered altar of Uskayaw.
  2373 | D:4      | Found a bloodstained altar of Trog.
  2385 | D:5      | Entered Level 5 of the Dungeon
  2408 | D:5      | Noticed an ogre
  2415 | D:5      | Killed an ogre
  2415 | D:5      | Reached XP level 7. HP: 34/56 MP: 7/7
  3014 | D:6      | Reached * piety under Okawaru
  3029 | D:6      | Noticed Xiguana's ghost (novice HESk)
  3699 | D:6      | Reached XP level 8. HP: 52/64 MP: 8/8
  3959 | D:7      | Noticed Menkaure
  3974 | D:6      | Slain by Menkaure

Skill      XL: |  1  2  3  4  5  6  7 |
---------------+----------------------+-----
Axes           | 3 4 5 6 |  6.9
Fighting       | 4 5 6 |  6.0
Armour         | |  3.4
Shields        | |  3.7

Action                   |  1- 3 |  4- 6 |  7- 9 || total
-------------------------+-------+-------+-------++-------
Melee: War axe           |   105 |    67 |       ||   172
       Hand axe          |       |    39 |    21 ||    60
       Broad axe         |       |       |    45 ||    45
  Use: Potion            |       |       |     2 ||     2
       Scroll            |       |       |     1 ||     1
  Eat: Chunk             |     1 |     4 |     5 ||    10
Armor: Scale mail        |    48 |    41 |    32 ||   121
Dodge: Dodged            |    35 |    31 |    28 ||    94
Block: Shield            |    59 |    51 |    27 ||   137
